Construct Infanterie Kompanie
Selects Terror Battlegroup
Selects Machine Gun Camouflage
Infanterie Officer Quarters
Construct Luftwaffe Kompanie
Selects Defend the Fatherland
Flak 30 Anti-aircraft Gun Team
Flak 30 Anti-aircraft Gun Team
Selects Defend the Fatherland
Luftwaffe Officer Quarters
Marder III M Tank Destroyer
Selects Contempt for the Weak
Marder III M Tank Destroyer
Selects King Tiger Heavy Tank
Marder III M Tank Destroyer